 Dungeon Crawl Stone Soup version 0.30-a0-726-gd89dcf765f (webtiles) character file.

Game seed: 11776558196389114313

1582 bande the Chopper (level 8, 0/49 HPs)
             Began as a Gargoyle Fighter on Jan 30, 2023.
             Slain by a gnoll
             ... wielding a +2 spear of freezing
             ... led by a gnoll bouda
              (4 damage)
             ... on level 6 of the Dungeon.
             The game lasted 00:09:03 (6145 turns).

bande the Chopper (Gargoyle Fighter)                Turns: 6145, Time: 00:09:04

Health: 0/49       AC: 20    Str: 20    XL:     8   Next: 91%
Magic:  8/8        EV:  7    Int:  9    God:
Gold:   212        SH: 10    Dex: 11    Spells: 7/7 levels left

rFire   + . .      SeeInvis .    a - +0 war axe (freeze)
rCold   . . .      Faith    .    c - +0 buckler
rNeg    + . .      Spirit   .    i - +0 chain mail
rPois   ∞          Reflect  +    g - +1 helmet
rElec   +          Harm     .    (no cloak)
rCorr   .          Rampage  .    u - +1 pair of gloves
Will    +....                    (no boots) Stlth
                                 m - amulet of reflection
HPRegen 0.28/turn                k - ring of protection from fire
MPRegen 0.11/turn                l - ring of willpower

@: no status effects
A: sickness immunity, AC +5, negative energy resistance 1, electricity
resistance, torment resistance 1, petrification resistance, evolution 1, subdued
magic 1
a: no special abilities


You were on level 6 of the Dungeon.
You visited 1 branch of the dungeon, and saw 6 of its levels.
You also visited: Sewer.

You collected 212 gold pieces.

Inventory:

Hand Weapons
 a - a +0 war axe of freezing (weapon)
 r - a +0 flail
 y - a +0 war axe
Armour
 c - a +0 buckler (worn)
 g - a +1 helmet (worn)
 i - a +0 chain mail (worn)
 u - a +1 pair of gloves (worn)
Jewellery
 k - a ring of protection from fire (left hand)
 l - a ring of willpower (right hand)
 m - an amulet of reflection (around neck)
 o - a ring of magical power
 p - a ring of flight
Wands
 q - a wand of roots (6)
Scrolls
 f - a scroll of immolation {unknown}
 h - a scroll of silence {unknown}
 w - a scroll of poison
Potions
 b - 2 potions of magic
 d - 4 potions of might
 e - 3 potions of curing
 j - 2 potions of ambrosia
 n - a potion of heal wounds
 s - a potion of mutation
 t - a potion of resistance {unknown}
 x - a potion of brilliance {unknown}
 z - a potion of invisibility {unknown}


   Skills:
 + Level 5.2 Fighting
 + Level 6.4 Axes
 + Level 5.5 Armour
 + Level 6.2 Shields
 * Level 3.6 Evocations


You had 7 spell levels left.
You didn't know any spells.
Your spell library contained the following spells:

 Spells                   Type           Power      Damage    Failure   Level
 Freeze                   Ice            0%         1d3       99%         1
 Necrotise                Necr           0%         1d4       99%         1
 Dazzling Flash           Conj/Hex       0%         N/A       100%        3
 Frozen Ramparts          Ice            0%         1d1       100%        3
 Hailstorm                Conj/Ice       0%         3d3       100%        3
 Vampiric Draining        Necr           0%         2d6       100%        3
 Iskenderun's Mystic Bla  Conj/Tloc      0%         2d3       100%        4
 Agony                    Necr           0%         N/A       100%        5
 Starburst                Conj/Fire      0%         6d3       100%        6


Dungeon Overview and Level Annotations

Branches:
Dungeon (6/15)              Sewer (visited)
 Temple: D:4-7

Altars:
Ashenzari
Dithmenos
Gozag
Nemelex Xobeh
The Shining One


Innate Abilities, Weirdness & Mutations

You are immune to sickness and miasma.
Your stone body is resilient. (AC +5)
You are immune to poison.
You resist negative energy. (rN+)
You are resistant to electric shocks. (rElec)
You are resistant to unholy torment.
You are immune to petrification.
You have hidden genetic potential.
Your spells are a little easier to cast, but a little less powerful.


Message History

You barely miss the ice beast.
The ice beast is moderately wounded.
You hit the gnoll. You freeze the gnoll. You barely miss the gnoll.
You hit the gnoll but do no damage.
The gnoll hits you but does no damage. x2
The ice beast hits you but does no damage.
The gnoll hits you with a +0 whip.
* * * LOW HITPOINT WARNING * * *
You closely miss the ice beast.
The ice beast is moderately wounded.
You barely miss the gnoll bouda. You hit the gnoll. You freeze the gnoll.
You closely miss the gnoll. x2
Your attacks no longer feel as feeble.
You block the gnoll's attack. The gnoll barely misses you.
You block the gnoll's attack. The ice beast hits you.
* * * LOW HITPOINT WARNING * * *
The ice beast freezes you!
* * * LOW HITPOINT WARNING * * *
The gnoll barely misses you.
Unknown command.
You feel much better.
The gnoll is no longer moving quickly.
The gnoll hits you but does no damage. x3
The gnoll bouda calls upon its god to heal the gnoll.
The gnoll is healed somewhat.
The ice beast hits you. The ice beast freezes you!
* * * LOW HITPOINT WARNING * * *
The gnoll hits you but does no damage.
Unknown command.
You hit the ice beast but do no damage.
The ice beast is moderately wounded.
You completely miss the gnoll. You hit the gnoll. You freeze the gnoll.
You hit the gnoll bouda. You freeze the gnoll bouda.
You closely miss the gnoll. The gnoll hits you but does no damage.
You block the gnoll's attack. The gnoll hits you but does no damage.
The gnoll bouda hits you but does no damage.
You blink.
The gnoll barely misses you. You block the gnoll's attack.
The gnoll hits you from afar with a +2 spear of freezing!
* * * LOW HITPOINT WARNING * * *
The gnoll freezes you.
You die...

# ####### .#.#
##########.....####.#)# # #.###
........##............#.# #....
........................ .....
........##.....gg.....# #....
........##.....ggY....#.. #....
........#######.........# #.##
...............?@g....... #.
...............######.....###.###
#######........ ...........
######### . ........ ...#.. #..
####.. #...... #.#####


You could see an ice beast, a gnoll bouda and 4 gnolls.

Vanquished Creatures
  Sigmund (D:6)
  A sky beast (D:6)
  An ogre (D:5)
  A centaur (D:5)
  A phantom (D:5)
  5 scorpions
  A howler monkey (D:5)
  3 hounds
  2 orc priests (D:6)
  3 jellies (Sewer)
  7 iguanas
  3 river rats
  8 adders
  5 gnolls
  2 shadow imps
  A white imp (D:4)
  3 worms
  4 dart slugs
  8 orcs
  13 ball pythons
  6 bats
  21 endoplasms
  8 giant cockroaches
  7 goblins
  9 hobgoblins
  6 jackals
  3 quokkas
  9 frilled lizards
  8 kobolds
  11 rats
161 creatures vanquished.

Notes
Turn   | Place    | Note
-------+----------+-------------------------------------------
     0 | D:1      | bande the Gargoyle Fighter began the quest for the Orb.
     0 | D:1      | Reached XP level 1. HP: 14/14 MP: 1/1
    76 | D:1      | Reached XP level 2. HP: 19/19 MP: 2/2
   358 | D:1      | Reached XP level 3. HP: 14/23 MP: 3/3
  1016 | D:2      | Reached XP level 4. HP: 29/29 MP: 4/4
  2113 | D:3      | Found a shadowy altar of Dithmenos.
  2410 | D:3      | Found a sparkling altar of Nemelex Xobeh.
  2631 | D:3      | Reached XP level 5. HP: 33/33 MP: 5/5
  3227 | D:4      | Reached XP level 6. HP: 16/38 MP: 6/6
  3861 | D:5      | Entered Level 5 of the Dungeon
  3900 | D:5      | Reached skill level 1 in Evocations
  4069 | D:5      | Reached XP level 7. HP: 44/44 MP: 7/7
  4121 | D:5      | Found a glowing drain.
  4131 | Sewer    | Entered a sewer
  4401 | Sewer    | Found a viscous altar of Jiyva.
  4567 | D:5      | Reached skill level 5 in Axes
  4567 | D:5      | Reached skill level 5 in Shields
  4908 | D:5      | Found a glowing golden altar of the Shining One.
  5026 | D:5      | Reached XP level 8. HP: 45/48 MP: 8/8
  5146 | D:5      | Found a broken altar of Ashenzari.
  5147 | D:5      | Found an opulent altar of Gozag.
  5151 | D:5      | Reached skill level 5 in Armour
  5860 | D:6      | Gained mutation: Your mind is acute. (Int +4, Str/Dex -1)
                  | [potion of mutation]
  5860 | D:6      | Gained mutation: Your spells are a little harder to cast,
                  | but a little more powerful. [potion of mutation]
  5862 | D:6      | Lost mutation: Your mind is acute. (Int +4, Str/Dex -1)
                  | [potion of mutation]
  5862 | D:6      | Lost mutation: Your spells are a little harder to cast, but
                  | a little more powerful. [potion of mutation]
  5862 | D:6      | Gained mutation: Your spells are a little easier to cast,
                  | but a little less powerful. [potion of mutation]
  5862 | D:6      | Gained mutation: You have hidden genetic potential. [potion
                  | of mutation]
  5940 | D:6      | Noticed Sigmund
  5951 | D:6      | Killed Sigmund
  5952 | D:6      | Reached skill level 5 in Fighting
  6145 | D:6      | Slain by a gnoll

Illustrated notes

Levels and vault maps discovered:
D:1:      amcnicky_arrival_underground_garden, layout_loops_ring,
          minmay_misc_feat_iff
D:2:      layout_basic, reono_crystal_passage, minmay_box_of_dots
D:3:      layout_basic, lemuel_crystal_altar, nicolae_dithmenos_shadow_blocks,
          minmay_curled_crystal, chequers_serial_rivers_room_a
D:4:      layout_cave_pods
D:5:      layout_basic, gammafunk_temple_overflow_pools, tso_altar,
          gup_sewer_entry_bubbles, chequers_serial_rivers_large_a,
          hellmonk_bongcloud_opening
D:6:      old_forge, layout_basic, uniq_sigmund

Skill      XL: |  1  2  3  4  5  6  7  8 |
---------------+-------------------------+-----
Axes           | 2 3 4 5 6 |  6.4
Armour         | 4 5 |  5.5
Fighting       | 4 5 |  5.2
Shields        | 4 5 6 |  6.2
Evocations     | 1 2 3 |  3.6

Action                     |  1- 3 |  4- 6 |  7- 9 || total
---------------------------+-------+-------+-------++-------
  Melee: War axe           |   100 |   203 |   235 ||   538
    Use: Scroll            |     1 |    10 |     3 ||    14
         Potion            |       |       |     3 ||     3
 Armour: Scale mail        |    50 |       |       ||    50
         Chain mail        |     9 |   108 |   171 ||   288
  Dodge: Dodged            |    54 |    72 |    79 ||   205
  Block: Buckler           |    23 |   102 |   134 ||   259
         Reflection        |       |     2 |       ||     2

Table legend: (Time is in decaauts)
 A = Elapsed time spent in this place.
 B = Non-inter-level travel time spent in this place.
 C = Inter-level travel time spent in this place.
 D = Time resting spent in this place.
 E = Time spent auto-exploring this place.
 F = Levels seen in this place.
 G = Mean time per level.
                   A        B        C        D        E       F      G
               +--------+--------+--------+--------+--------+-----+--------+
         Total |   6401 |   6019 |    382 |    291 |   4374 |   7 |  914.4 |
       Dungeon |   5960 |   5578 |    382 |    291 |   4146 |   6 |  993.3 |
         Sewer |    441 |    441 |      0 |      0 |    228 |   1 |  441.0 |
               +--------+--------+--------+--------+--------+-----+--------+

Top non-repeatable levels by time:
     D:5: 1616 daAuts
     D:1: 1021 daAuts
     D:4: 1018 daAuts
     D:2: 982 daAuts
     D:3: 942 daAuts
   Sewer: 441 daAuts
     D:6: 379 daAuts
